 Dungeon Crawl Stone Soup version 0.27.0-1-g7a089689b8 (webtiles) character file.

Game seed: 16474081392984336278

418 eggzz the Magician (level 6, -10/32 HPs)
             Began as a Deep Elf Fire Elementalist on Aug 7, 2021.
             Mangled by Sigmund (13 damage)
             ... on level 3 of the Dungeon.
             The game lasted 00:17:55 (3516 turns).

eggzz the Magician (Deep Elf Fire Elementalist)     Turns: 3516, Time: 00:17:55

Health: -10/32     AC:  4    Str:  5    XL:     6   Next: 61%
Magic:  7/16       EV: 12    Int: 24    God:
Gold:   110        SH:  0    Dex: 15    Spells: 4/15 levels left

rFire    . . .     SeeInvis .   c - +0 dagger (venom)
rCold    . . .     Faith    .   (no shield)
rNeg     . . .     Spirit   .   a - +0 robe
rPois    .         Reflect  .   m - +1 helmet of Aqih {+Inv Int+2}
rElec    .         Harm     .   (no cloak)
rCorr    .         Rampage  .   (no gloves)
Will     .....                  (no boots)
Stlth    +++.......             (no amulet)
HPRegen  0.10/turn              (no ring)
MPRegen  0.15/turn              (no ring)

@: flying
A: no striking features
a: Evoke Invisibility


You were on level 3 of the Dungeon.
You visited 1 branch of the dungeon, and saw 4 of its levels.

You collected 110 gold pieces.

Inventory:

Hand Weapons
 b - a +0 dagger
 c - a +0 dagger of venom (weapon)
 e - a +1 short sword of speed
 n - a +0 dagger of draining
Armour
 a - a +0 robe (worn)
 m - the +1 helmet of Aqih (worn) {+Inv Int+2}
   (You took it off Robin on level 3 of the Dungeon)

   Int:       It affects your intelligence (+2).
   +Inv:      It lets you turn invisible.
Wands
 p - a wand of flame (18)
Scrolls
 d - 6 scrolls of identify {unknown}
 f - 2 scrolls of teleportation {unknown}
 g - a scroll of enchant armour {unknown}
 i - a scroll of noise {unknown}
 j - a scroll of magic mapping {unknown}
 k - a scroll of amnesia {unknown}
 l - a scroll of vulnerability {unknown}
Potions
 h - 2 potions of flight
 o - a potion of ambrosia {unknown}


   Skills:
 - Level 2.4 Dodging
 - Level 5.0 Stealth
 + Level 5.4 Spellcasting
 + Level 3.7 Conjurations
 + Level 5.0 Fire Magic
 * Level 0.0 Evocations


You had 4 spell levels left.
You knew the following spells:

 Your Spells              Type           Power      Damage    Failure   Level
a - Foxfire               Conj/Fire      100%       2x1d9     1%          1
b - Sticky Flame          Conj/Fire      27%        2d5       14%         4
c - Inner Flame           Hex/Fire       18%        N/A       9%          3
g - Conjure Flame         Conj/Fire      27%        6-21      4%          3

Your spell library contained the following spells:

 Spells                   Type           Power      Damage    Failure   Level
 Freeze                   Ice            24%        1d5       9%          1
 Ensorcelled Hibernation  Hex/Ice        12%        N/A       13%         2
 Frozen Ramparts          Ice            12%        1d3       26%         3
 Spider Form              Tmut/Pois      3%         N/A       26%         3
 Hailstorm                Conj/Ice       15%        3d5       36%         4
 Fireball                 Conj/Fire      13%        3d7       36%         5
 Shadow Creatures         Summ           N/A        N/A       100%        6


Dungeon Overview and Level Annotations

Branches:
Dungeon (4/15)
 Temple: D:4-7

Altars:

Annotations:
D:1 exclusion: downstairs
D:3 exclusion: downstairs, Sigmund


Message History

Sigmund flickers, as though insubstantial.
Your magical contamination has completely faded away.
The fire ignites!
Casting: Conjure Flame (dangerous; 4% risk of failure)
Confirm with . or Enter, or press ? or * to list all spells.
You conjure some foxfire!
The foxfire hits Sigmund but does no damage.
Casting: Foxfire (safe; 1% risk of failure)
Confirm with . or Enter, or press ? or * to list all spells.
You conjure some foxfire!
The foxfire hits Sigmund.
Sigmund resists.
Sigmund is lightly wounded.
The foxfire hits Sigmund.
Sigmund resists.
Sigmund is lightly wounded.
The foxfire hits Sigmund.
Sigmund resists.
Sigmund is moderately wounded.
Casting: Foxfire (safe; 1% risk of failure)
Confirm with . or Enter, or press ? or * to list all spells.
You conjure some foxfire!
Sigmund mumbles some strange words.
Sigmund flickers and vanishes!
Deactivating autopickup; reactivate with Ctrl-A.
The foxfire hits something. x2; Something hits you.
Casting: Foxfire (safe; 1% risk of failure)
Confirm with . or Enter, or press ? or * to list all spells.
You conjure some foxfire!
Something hits you!
The foxfire hits something. x2
A magic dart appears from out of thin air!
The magic dart hits you!
* * * LOW HITPOINT WARNING * * *
Casting: Foxfire (safe; 1% risk of failure)
Confirm with . or Enter, or press ? or * to list all spells.
You conjure some foxfire!
Something hits you.
* * * LOW HITPOINT WARNING * * *
It was a potion of flight.
You feel very buoyant.
You fly up into the air.
The foxfire hits something. x2
Casting: Foxfire (safe; 1% risk of failure)
Confirm with . or Enter, or press ? or * to list all spells.
You conjure some foxfire!
Something hits you!
You die...

...........## #............
..........## #............
###....#### #.....†..♣.♣.
....##.# ##....)...... ######.#
##..)...♣.♣. # #.#
##########.())...## ## #.#
#..............♣.♣ ... #.#
##v§.............# ##.# #.#
#§@##.#####.)..♣.♣ ...###.#
#####v##.....##......# #....#.#
##...{...........)..♣.♣
###..#.###.....###.............#
............######...........♣.♣#
..##.......§(....................
#.........§.######...........####
###..#......######.....##...## #
# ##..##.§..............##)##


There were no monsters in sight!

Vanquished Creatures
  A yak (D:3)
  A water moccasin skeleton (D:4)
  An orc priest (D:3)
  An orc wizard (D:3)
  A hound skeleton (D:2)
  Robin (D:3)
  5 gnolls
  2 adders (D:3)
  3 orcs (D:3)
  3 endoplasms
  3 giant cockroaches
  9 hobgoblins
  3 jackals
  6 kobolds
  5 quokkas
  5 ball pythons
  7 bats
  3 frilled lizards
  11 goblins
  3 rats
74 creatures vanquished.

Vanquished Creatures (others)
  199 foxfires
  11 plants (D:3)
210 creatures vanquished.

Grand Total: 284 creatures vanquished

Notes
Turn   | Place    | Note
-------+----------+-------------------------------------------
     0 | D:1      | eggzz the Deep Elf Fire Elementalist began the quest for
                  | the Orb.
     0 | D:1      | Reached XP level 1. HP: 10/10 MP: 6/6
   150 | D:1      | Reached XP level 2. HP: 15/15 MP: 0/8
   754 | D:1      | Found a faded altar of an unknown god.
  1341 | D:2      | Reached XP level 3. HP: 19/19 MP: 2/10
  1460 | D:2      | Reached XP level 4. HP: 9/24 MP: 10/12
  1644 | D:2      | Learned a level 3 spell: Conjure Flame
  1982 | D:3      | Noticed Sigmund
  2059 | D:3      | Learned a level 4 spell: Sticky Flame
  2356 | D:3      | Reached XP level 5. HP: 7/28 MP: 7/13
  2598 | D:3      | Identified the +1 helmet of Aqih {+Inv Int+2}
  2598 | D:3      | Noticed Robin
  2610 | D:3      | Killed Robin
  2770 | D:4      | Noticed a yak
  2770 | D:4      | Noticed a yak
  2770 | D:4      | Noticed a yak
  2770 | D:4      | Noticed a yak
  2835 | D:4      | Learned a level 3 spell: Inner Flame
  3165 | D:4      | Noticed a yak
  3185 | D:3      | Killed a yak
  3186 | D:3      | Reached skill level 5 in Stealth
  3186 | D:3      | Reached skill level 5 in Spellcasting
  3186 | D:3      | Reached skill level 5 in Fire Magic
  3186 | D:3      | Reached XP level 6. HP: 17/32 MP: 13/16
  3516 | D:3      | Mangled by Sigmund

Illustrated notes

Levels and vault maps discovered:
D:1:      pf_arrival_petrified_forest, layout_basic,
          ebering_ecumenical_altar_box, minmay_tall_x
D:2:      layout_loops_cross
D:3:      cheibrodos_old_hovel, layout_rooms, serial_forest,
          infiniplex_forest_lined_3, infiniplex_forest_lined_3,
          infiniplex_forest_clump_double, infiniplex_forest_3_way,
          infiniplex_forest_end_1, kennysheep_cross_bottleneck, uniq_sigmund,
          uniq_robin
D:4:      layout_loops_ring, serial_shops,
          nicolae_shop_temple_entry_statues_fountains

Skill      XL: |  1  2  3  4  5 |
---------------+----------------+-----
Stealth        | 3 4 5 |  5.0
Conjurations   | 2 3 |  3.7
Spellcasting   | 4 5 |  5.4
Fire Magic     | 4 5 |  5.0
Dodging        | |  2.4

Action                   |  1- 3 |  4- 6 || total
-------------------------+-------+-------++-------
Melee: Dagger            |     7 |    20 ||    27
 Cast: Foxfire           |    50 |    72 ||   122
       Conjure Flame     |       |     3 ||     3
       Sticky Flame      |       |     1 ||     1
       Inner Flame       |       |     1 ||     1
  Use: Potion            |       |     2 ||     2
Armor: Robe              |     6 |     4 ||    10
Dodge: Dodged            |    19 |    22 ||    41
